 Dungeon Crawl Stone Soup version 0.28-a0-410-gbef64dd269 (webtiles) character file.

Game seed: 12162837837191632661

538 heikuro the Slasher (level 7, -9/55 HPs)
             Began as a Formicid Abyssal Knight on Sept 7, 2021.
             Was a Believer of Lugonu.
             Mangled by an ogre (20 damage)
             ... on level 5 of the Dungeon.
             The game lasted 00:09:55 (6914 turns).

heikuro the Slasher (Formicid Abyssal Knight)       Turns: 6914, Time: 00:09:56

Health: -9/55      AC:  7    Str: 18    XL:     7   Next: 51%
Magic:  10/10      EV:  9    Int: 12    God:    Lugonu [**....]
Gold:   225        SH:  0    Dex: 10    Spells: 6/6 levels left

rFire   . . .      SeeInvis +   j - +2 whip (distort)
rCold   . . .      Faith    .   (no shield)
rNeg    . . .      Spirit   .   n - +0 scale mail
rPois   .          Reflect  .   (helmet unavailable)
rElec   .          Harm     .   (no cloak)
rCorr   .          Rampage  .   (no gloves)
Will    .....                   (no boots)
Stlth   ..........              (no amulet)
HPRegen 0.18/turn               (no ring)
MPRegen 0.12/turn               (no ring)

@: no status effects
A: permanent stasis, dig shafts and tunnels, antennae 3, four strong arms
a: Dig, Shaft Self, Renounce Religion, Depart the Abyss, Bend Space


You were on level 5 of the Dungeon.
You worshipped Lugonu.
Lugonu was pleased with you.
You visited 1 branch of the dungeon, and saw 5 of its levels.
You visited the Abyss 1 time.

You collected 225 gold pieces.

Inventory:

Hand Weapons
 a - a +1 falchion
 j - a +2 whip of distortion (weapon)
Missiles
 g - 10 boomerangs
 p - 16 poisoned darts (quivered)
Armour
 n - a +0 scale mail (worn)
Wands
 k - a wand of paralysis (8)
Scrolls
 b - a scroll of enchant weapon {unknown}
 c - 4 scrolls of teleportation {unknown}
 d - 2 scrolls of blinking {unknown}
 e - a scroll of enchant armour {unknown}
 f - a scroll of fog {unknown}
 o - a scroll of torment {unknown}
 q - a scroll of amnesia {unknown}
Potions
 h - 2 potions of lignification
 i - a potion of ambrosia
 l - a potion of flight {unknown}
 m - a potion of attraction {unknown}


   Skills:
 + Level 4.8 Fighting
 * Level 5.1 Long Blades
 + Level 4.1 Armour
 - Level 1.0 Dodging
 + Level 4.5 Invocations


You had 6 spell levels left.
You didn't know any spells.
Your spell library contained the following spells:

 Spells                   Type           Power      Damage    Failure   Level
 Shock                    Conj/Air       0%         1d3       69%         1
 Sublimation of Blood     Necr           0%         N/A       83%         2
 Wereblood                Tmut           0%         N/A       83%         2
 Ignite Poison            Fire/Tmut/Pois 0%         N/A       96%         3
 Mephitic Cloud           Conj/Pois/Air  0%         N/A       96%         3
 Airstrike                Air            0%         N/A       100%        4
 Freezing Cloud           Conj/Ice/Air   0%         6-21      100%        5
 Summon Hydra             Summ           0%         N/A       100%        7
 Swiftness                Air            Unusable   N/A       N/A         3

Dungeon Overview and Level Annotations

Branches:
Dungeon (5/15)
 Temple: D:4-7

Altars:
Kikubaaqudgha

Shops:
D:1 [   D:3 *


Innate Abilities, Weirdness & Mutations

You cannot be hasted, slowed, berserked, paralysed or teleported.
You can dig through walls and to a lower floor.
You have a pair of large antennae on your head. (SInv)
Your four strong arms can wield two-handed weapons with a shield.


Message History

You closely miss the scorpion.
The scorpion is heavily wounded.
You feel sick. The scorpion stings you.
The scorpion stings you but does no damage.
You barely miss the scorpion.
The scorpion is heavily wounded.
You feel sick. The scorpion barely misses you.
You closely miss the scorpion.
The scorpion is heavily wounded.
You feel sick.
The scorpion stings you but does no damage.
You hit the scorpion.
The scorpion is heavily wounded.
The scorpion blinks!
You feel sick.
Unknown command.
You completely miss the worm.
You feel sick. The worm closely misses you.
Unknown command.
You hit the worm.
Space warps horribly around the worm!
The worm is severely wounded.
You feel sick.
Unknown command.
You barely miss the worm.
The worm is severely wounded.
You feel sick.
You are no longer poisoned.
The worm closely misses you.
Unknown command.
You hit the worm.
The worm is severely wounded.
The worm blinks!
Unknown command.
You hit the ogre.
The ogre is heavily wounded.
The ogre hits you with a +0 giant club.
* * * LOW HITPOINT WARNING * * *
Unknown command.
You hit the ogre.
The ogre is severely wounded.
The ogre hits you with a +0 giant club!!
You die...

##...## #...P♣# ##...P.# { { {
#..[###..# . ### #..## PP ..#
###..# ###.## . #...####...#
###...# #......######.w.#.#
...##.O.##sO@..###.# ###....#####
#.# ###....## #.# #...##.## #.##
##.####..#######..# ##..#
##..........## #..##
#...........## ###<##
#............#
####)).#######..........#.#######


You could see an ogre, a worm and a scorpion.

Vanquished Creatures
  An ice beast (D:5)
  A water moccasin skeleton (D:4)
  A water moccasin zombie (D:5)
  A howler monkey (D:3)
  A hound (D:3)
  A bullfrog skeleton (D:4)
  A gnoll shaman (D:4)
  A hound skeleton (D:4)
  Robin (D:3)
  A howler monkey skeleton (D:4)
  4 adders
  4 gnolls
  An ufetubus (D:5)
  2 adder skeletons (D:4)
  4 worms
  9 orcs
  2 bats (D:1)
  6 endoplasms
  4 giant cockroaches
  17 goblins
  11 hobgoblins
  4 jackals (D:3)
  3 quokkas
  5 ball pythons
  8 frilled lizards
  5 kobolds
  8 rats
107 creatures vanquished.

Vanquished Creatures (others)
  8 plants (D:3)
8 creatures vanquished.

Grand Total: 115 creatures vanquished

Notes
Turn   | Place    | Note
-------+----------+-------------------------------------------
     0 | Abyss:1  | heikuro the Formicid Abyssal Knight began the quest for the
                  | Orb.
     0 | Abyss:1  | Reached XP level 1. HP: 18/18 MP: 2/2
    61 | Abyss:1  | Noticed a flying skull
    62 | D:1      | Escaped the Abyss
   298 | D:1      | Reached skill level 1 in Dodging
   488 | D:1      | Reached XP level 2. HP: 21/24 MP: 3/3
   488 | D:1      | Reached * piety under Lugonu
   695 | D:1      | Found Hoidd's Armour Boutique.
   699 | D:1      | Reached XP level 3. HP: 23/29 MP: 4/4
  1569 | D:2      | Reached XP level 4. HP: 19/37 MP: 6/6
  1976 | D:2      | Reached skill level 3 in Long Blades
  2376 | D:3      | Found a faded altar of an unknown god.
  2776 | D:3      | Reached ** piety under Lugonu
  3161 | D:3      | Reached XP level 5. HP: 6/42 MP: 7/7
  3770 | D:3      | Found Akkeshu's Assorted Antiques.
  4413 | D:4      | Noticed Robin
  4851 | D:3      | Reached XP level 6. HP: 30/48 MP: 8/8
  5108 | D:3      | Reached skill level 4 in Long Blades
  5256 | D:3      | Killed Robin
  5749 | D:4      | Found an ancient bone altar of Kikubaaqudgha.
  5998 | D:5      | Entered Level 5 of the Dungeon
  6305 | D:4      | Reached XP level 7. HP: 49/55 MP: 10/10
  6750 | D:5      | Reached skill level 5 in Long Blades
  6914 | D:5      | Mangled by an ogre

Illustrated notes

Levels and vault maps discovered:
D:1:      minmay_arrival_glassed_features, layout_basic, serial_shops, shop,
          serial_bayou_pond_a
D:2:      layout_loops_ring
D:3:      layout_basic, serial_shops, nicolae_shop_crystal,
          basic_ecumenical_altar, kennysheep_cross_room, serial_bayou_ford_a,
          chequers_serial_rivers_small_b, bh_walls_and_bars
D:4:      layout_cave_pools, kiku_gazebo_pond_becter, uniq_robin
D:5:      kennysheep_kobold_camp, layout_rooms,
          nicolae_qazlal_scattered_showers, okawaru_altar_gauntlet_db,
          uniq_eustachio

Skill      XL: |  1  2  3  4  5  6  7 |
---------------+----------------------+-----
Dodging        | 1 |  1.0
Long Blades    | 3 4 5 |  5.1
Invocations    | 3 4 |  4.5
Armour         | 3 4 |  4.1
Fighting       | 4 |  4.8

Action                   |  1- 3 |  4- 6 |  7- 9 || total
-------------------------+-------+-------+-------++-------
Melee: Falchion          |    88 |   260 |    37 ||   385
       Whip              |       |       |    24 ||    24
Invok: Depart the Abyss  |     1 |       |       ||     1
       Bend Space        |       |     2 |       ||     2
 Abil: Dig               |     1 |     1 |       ||     2
  Use: Scroll            |     1 |     1 |       ||     2
       Potion            |       |     1 |       ||     1
Armor: Leather armour    |    20 |    18 |       ||    38
       Ring mail         |       |    10 |       ||    10
       Scale mail        |       |    99 |    20 ||   119
Dodge: Dodged            |    57 |   174 |    30 ||   261

Table legend: (Time is in decaauts)
 A = Elapsed time spent in this place.
 B = Non-inter-level travel time spent in this place.
 C = Inter-level travel time spent in this place.
 D = Time resting spent in this place.
 E = Time spent auto-exploring this place.
 F = Levels seen in this place.
 G = Mean time per level.
                   A        B        C        D        E       F      G
               +--------+--------+--------+--------+--------+-----+--------+
         Total |   6986 |   6579 |    407 |   3266 |   2139 |   6 | 1164.3 |
       Dungeon |   6924 |   6517 |    407 |   3266 |   2091 |   5 | 1384.8 |
         Abyss |     62 |     62 |      0 |      0 |     48 |   1 |   62.0 |
               +--------+--------+--------+--------+--------+-----+--------+

Top non-repeatable levels by time:
     D:3: 2757 daAuts
     D:2: 1403 daAuts
     D:4: 1201 daAuts
     D:1: 957 daAuts
     D:5: 603 daAuts
 Abyss:1: 62 daAuts
